 Dungeon Crawl Stone Soup version 0.19.1-1-g22dce08 (webtiles) character file.

277 kae the Chopper (level 6, 0/84 HPs)
             Began as a Hill Orc Fighter on Dec 31, 2016.
             Was a Follower of Beogh.
             Succumbed to a scorpion's poison
             ... on level 4 of the Dungeon.
             The game lasted 00:02:00 (2273 turns).

kae the Chopper (Hill Orc Fighter)                  Turns: 2273, Time: 00:02:01

Health: 0/84       AC: 11    Str: 26    XL:     6   Next: 25%
Magic:  6/6        EV:  7    Int:  8    God:    Beogh [*.....]
Gold:   259        SH:  9    Dex: 10    Spells: 0 memorised, 5 levels left

rFire  . . .     SeeInvis .     a - +0 war axe
rCold  . . .     Gourm    .     b - +0 scale mail
rNeg   . . .     Faith    .     c - +0 shield
rPois  .         Spirit   .     w - +1 helmet
rElec  .         Reflect  .     u - +0 cloak
rCorr  .         Harm     .     (no gloves)
MR     .....                    t - +0 pair of boots
Stlth  ..........               (no amulet)
                                (no ring)
                                (no ring)

@: berserking (expiring), lethally poisoned (0 -> -5), very quick
A: no striking features
a: Renounce Religion


You were on level 4 of the Dungeon.
You worshipped Beogh.
Beogh was aware of your devotion.
You were hungry.

You visited 1 branch of the dungeon, and saw 4 of its levels.

You collected 259 gold pieces.

Inventory:

Hand Weapons
 a - a +0 war axe (weapon)
Missiles
 p - 2 tomahawks (quivered)
Armour
 b - a +0 scale mail (worn)
 c - a +0 shield (worn)
 t - a +0 pair of boots (worn)
 u - a +0 cloak (worn)
 w - a +1 helmet (worn)
Wands
 e - a wand of confusion (24/48)
 r - a wand of random effects (40/48)
Potions
 d - a potion of might
 h - 2 potions of resistance
 m - a potion of cure mutation {unknown}
 q - a potion of lignification {unknown}
 s - a potion of agility
Comestibles
 f - 4 bread rations
 g - a royal jelly
 j - 2 meat rations
 n - 2 beef jerkies


   Skills:
 + Level 5.0 Fighting
 * Level 6.4 Axes
 + Level 4.6 Armour
 - Level 3.2 Shields


You had 5 spell levels left.
You didn't know any spells.

Dungeon Overview and Level Annotations

Branches:
Dungeon (4/15)
 Temple: D:4-7

Altars:
Dithmenos
Hepliaklqana


Message History

Beogh accepts your kill.
* * * LOW HITPOINT WARNING * * *
You feel sick.
You slash the jackal!
You kill the jackal!
Beogh accepts your kill.
* * * LOW HITPOINT WARNING * * *
You feel sick. The orc hits you but does no damage.
Found a glowing onyx ring.
Things that are here:
a scroll labeled ULUD DEPHODD; 21 sling bullets; a jackal corpse You closely miss the orc.
* * * LOW HITPOINT WARNING * * *
You feel sick. You block the orc's attack.
You slash the orc!
You kill the orc!
Beogh accepts your kill.
You barely miss the orc.
You die...

*,,,*,,,,........# ##..[..#
**,**,,*******#.#.####.#####.
*,*****,,* #.......##,,,*#
**,***,*,* #..####.#,,,,,*
*,,,,.,,,* #.##,,###,,,,,*
*,,,,..=,* ####.#,,,,**,,,,,*
**,,,,....###....#,,,,+*+,,,**
*,,,,,.......).†.##,,**,*****,
*,,,,,,,.#.#$@.)..#+***+*,,,,*
*,,,,,,,,*,#o###.....#*,**,***
*,,,,,,,,,...**#.....#,,,*,*
*,,,*,,,.....,,....#.#*,**,*
*,,,,,,##....**###.#..#**,,*
*,,***,*##.#.* *.#,...,,**
*,,* *,* #.#.** *.#,*##***
*,,***,**#...,** *,*,*
*,,**,,,**,,,,,***,*,*


You could see an orc.

Vanquished Creatures
  A scorpion (D:4)
  A howler monkey (D:4)
  2 orc priests
  3 gnolls (D:3)
  An adder (D:4)
  3 oozes
  An adder skeleton (D:4)
  3 worms
  5 dart slugs
  5 leopard geckos
  7 orcs
  10 bats
  A giant cockroach (D:2)
  7 goblins
  4 hobgoblins
  2 jackals (D:4)
  4 kobolds
  2 quokkas (D:3)
  2 ball pythons (D:3)
  6 frilled lizards
  A quokka skeleton (D:4)
  4 rats (D:3)
75 creatures vanquished.

Vanquished Creatures (others)
  An orc priest (D:3)
1 creature vanquished.

Grand Total: 76 creatures vanquished

Notes
Turn   | Place    | Note
-------+----------+-------------------------------------------
     0 | D:1      | kae the Hill Orc Fighter began the quest for the Orb.
     0 | D:1      | Reached XP level 1. HP: 19/19 MP: 1/1
   134 | D:1      | Reached skill level 3 in Axes
   168 | D:1      | Reached XP level 2. HP: 27/27 MP: 2/2
   640 | D:2      | Reached XP level 3. HP: 33/33 MP: 3/3
   645 | D:2      | Reached skill level 4 in Axes
   855 | D:2      | Found a hazy altar of Hepliaklqana.
   974 | D:2      | Found a shadowy altar of Dithmenos.
  1097 | D:3      | Reached XP level 4. HP: 40/40 MP: 4/4
  1288 | D:3      | Reached skill level 5 in Axes
  1541 | D:3      | Became a worshipper of Beogh the Brigand
  1551 | D:3      | Reached XP level 5. HP: 31/47 MP: 5/5
  2265 | D:4      | Reached skill level 6 in Axes
  2265 | D:4      | Reached XP level 6. HP: 6/55 MP: 6/6
  2267 | D:4      | HP: 4/82 [poisoned by a scorpion]
  2269 | D:4      | Reached * piety under Beogh
  2269 | D:4      | Reached skill level 5 in Fighting
  2272 | D:4      | HP: 1/84 [poisoned by a scorpion]
  2273 | D:4      | Succumbed to a scorpion's poison

Skill      XL: |  1  2  3  4  5  6 |
---------------+-------------------+-----
Axes           | 3 4 5 6 |  6.4
Fighting       | 4 5 |  5.0
Armour         | 4 |  4.6
Shields        | |  3.2

Action                   |  1- 3 |  4- 6 || total
-------------------------+-------+-------++-------
Melee: War axe           |    83 |   109 ||   192
Invok: Convert to Beogh  |       |     1 ||     1
  Use: Scroll            |       |     7 ||     7
       Potion            |       |     1 ||     1
  Eat: Chunk             |       |     4 ||     4
Armor: Scale mail        |    32 |    47 ||    79
Dodge: Dodged            |    28 |    45 ||    73
Block: Shield            |    40 |    53 ||    93
